[Event "*** Titled Tuesday Blitz"]
[Site "Chess.com"]
[Date "2020.05.19"]
[Round "1"]
[White "esskeettit"]
[Black "ChessQueen"]
[Result "0-1"]
[WhiteElo "2325"]
[BlackElo "2620"]
[TimeControl "180+1"]
[EndTime "12:07:00 PDT"]
[Termination "ChessQueen won by resignation"]

1. d4 Nf6 2. c4 e6 3. Nc3 Bb4 4. e3 b6 5. Ne2 Bb7 6. a3 Be7 7. Nf4 O-O 8. Bd3 d6 9. O-O Nbd7 10.
Bc2 Re8 11. b3 Nf8 12. Bb2 c5 13. d5 e5 14. Nfe2 a6 15. Ng3 b5 16. Rb1 Ng6 17. Qe2 Rb8 18. Rfd1 Bc8 19. cxb5 axb5 20. Nxb5 Ba6 21.
Bd3 Nxd5 22. Nxd6 Bxd3 23. Qxd3 Qxd6 24. Qxd5 Qxd5 25. Rxd5 Rxb3 26. Nf5 Bf8 27. Rd2 c4 28. Rc1 Reb8 29. Bc3 Bxa3 30. Rcd1 Rxc3 31. Rd8+ Rxd8 32. Rxd8+ Bf8 33. h4 h5 34. g4 f6 35. gxh5 Nh8 36.
Ne7+ Kf7 37. Nf5 Rd3 38. Rc8 c3 39. Rc7+ Ke6 40. e4 Nf7 41. Rc6+ Bd6 42. Ne3 Nd8 43. Rc8 Kd7 44. Rb8 Bxb8 0-1

[Event "*** Titled Tuesday Blitz"]
[Site "Chess.com"]
[Date "2020.05.19"]
[Round "1"]
[White "DaggiGretarsson"]
[Black "BronceYSueno"]
[Result "1-0"]
[WhiteElo "2612"]
[BlackElo "2316"]
[TimeControl "180+1"]
[EndTime "12:07:00 PDT"]
[Termination "DaggiGretarsson won by resignation"]

1. d4 Nf6 2. c4 g6 3. Nc3 Bg7 4. e4 O-O 5. f4 d6 6. Nf3 Bg4 7. Be3 c5 8. dxc5 Qa5 9. Bd3 dxc5 10.
e5 Nfd7 11. h3 Bxf3 12. Qxf3 Nc6 13. O-O Rad8 14. Be4 Nb6 15. Bxc6 bxc6 16. Qxc6 Nxc4 17. Qxc5 Qxc5 18. Bxc5 Rfe8 19. b3 Rc8 20. Na4 Nb2 21. Bxa7 Nxa4 22. bxa4 Ra8 23. Bc5 Rxa4 24. a3 f6 25. e6 f5 26. Rab1 Bh6 27. g3 Re4 28. Rfe1 Rxe1+ 29. Rxe1 Kg7 30. a4 Ra8 31. Bd4+ Kf8 32.
Ra1 Bg7 33. Bxg7+ Kxg7 34. a5 Kf6 35. a6 Kxe6 36. a7 Kd6 37. Kf2 Kc6 38. Ke3 Kb6 39. Kd4 Rxa7 40. Rxa7 Kxa7 41. Ke5 1-0

[Event "*** Titled Tuesday Blitz"]
[Site "Chess.com"]
[Date "2020.05.19"]
[Round "1"]
[White "1f3_2g41-0"]
[Black "JustinWang1234"]
[Result "1-0"]
[WhiteElo "2312"]
[BlackElo "2567"]
[TimeControl "180+1"]
[EndTime "12:07:00 PDT"]
[Termination "1f3_2g41-0 won by resignation"]

1. e4 c5 2. Nf3 d6 3. d4 cxd4 4. Nxd4 Nf6 5. Nc3 a6 6. h3 e6 7. g4 Be7 8. Bg2 Nfd7 9. Be3 Qc7 10. Qe2 b5 11. e5 d5 12. O-O-O Nb6 13. f4 b4 14. Nb1 Nc4 15. Nd2 Nxe3 16. Qxe3 Nc6 17.
N2b3 Na7 18. f5 a5 19. f6 gxf6 20. Bxd5 Rb8 21. Nf5 fxe5 22. Ng7+ Kf8 23. Qh6 Qd6 24. Nf5+ Ke8 25. Nxd6+ Bxd6 26. Be4 Be7 27. Qg7 Rf8 28.
Qxe5 Rb5 29. Bc6+ Nxc6 30. Qxb5 Bd7 31. Rxd7 Kxd7 32. Qb7+ Ke8 33. Qxc6+ 1-0

[Event "*** Titled Tuesday Blitz"]
[Site "Chess.com"]
[Date "2020.05.19"]
[Round "1"]
[White "fidezivkovic"]
[Black "lupta_robin"]
[Result "0-1"]
[WhiteElo "2324"]
[BlackElo "2620"]
[TimeControl "180+1"]
[EndTime "12:07:01 PDT"]
[Termination "lupta_robin won on time"]

1. e4 c5 2. Nc3 Nc6 3. Bb5 Nd4 4. Nf3 Nxb5 5. Nxb5 d5 6. exd5 a6 7. Nc3 Nf6 8. d4 Nxd5 9. dxc5 Nxc3 10. Qxd8+ Kxd8 11. bxc3 f6 12. O-O e5 13. Be3 Kc7 14. Rab1 Be6 15. a4 Be7 16. Rb6 Bd5 17. Rfb1 Rhd8 18. Ne1 Bc6 19. a5 e4 20. f3 f5 21. fxe4 fxe4 22.
Bd4 Bf6 23. Bxf6 gxf6 24. Kf2 Rd2+ 25. Ke3 Rad8 26. c4 f5 27. R6b4 h5 28. Kf4 Rf2+ 29. Kg5 f4 30. Kxh5 Rg8 31. h4 Rf1 32. R4b3 Rh1 33. c3 Be8+ 0-1

[Event "*** Titled Tuesday Blitz"]
[Site "Chess.com"]
[Date "2020.05.19"]
[Round "1"]
[White "hansen"]
[Black "Koalaskakistis"]
[Result "1-0"]
[WhiteElo "2962"]
[BlackElo "2457"]
[TimeControl "180+1"]
[EndTime "12:07:02 PDT"]
[Termination "hansen won on time"]

1. e4 c5 2. Nf3 Nc6 3. Bb5 Nf6 4. Bxc6 dxc6 5. d3 Qc7 6. Nbd2 e5 7. Nc4 Nd7 8. O-O f6 9. Nh4 g5 10. Qh5+ Kd8 11. Ng6 Rg8 12. Qxh7 Rg7 13. Qh5 Rg8 14. h4 gxh4 15. f4 b5 16. Ne3 Bd6 17. Nf5 exf4 18.
Qh7 Re8 19. Qxh4 Bb7 20. Bxf4 Bxf4 21. Rxf4 a5 22. Ng7 Qd6 23. Nxe8 Kxe8 24. Qh8+ Kf7 25.
Qh7+ Ke6 26. Raf1 Qd4+ 27. R1f2 Re8 28. Qh3+ Kd6 29. e5+ fxe5 30. Rxd4+ exd4 31. Rf7 1-0

[Event "*** Titled Tuesday Blitz"]
[Site "Chess.com"]
[Date "2020.05.19"]
[Round "1"]
[White "Chuchofrio1"]
[Black "Kildepiotr"]
[Result "0-1"]
[WhiteElo "2264"]
[BlackElo "2562"]
[TimeControl "180+1"]
[EndTime "12:07:02 PDT"]
[Termination "Kildepiotr won by checkmate"]

1. d4 c5 2. d5 e5 3. e4 d6 4. Nc3 Be7 5. h3 Bg5 6. Bd3 Bxc1 7. Qxc1 Ne7 8. g4 Ng6 9. Nf3 Nf4 10. Ne2 Ng2+ 11. Kf1 Nh4 12. Nxh4 Qxh4 13. Ng3 a6 14. a4 O-O 15. Qe3 g6 16. Kg2 Nd7 17. Raf1 Rb8 18. Rhg1 b5 19. axb5 axb5 20. b3 Ba6 21. Kh2 c4 22.
bxc4 bxc4 23. Be2 Nc5 24. f4 exf4 25. Qxf4 Qe7 26. Rg2 Rbe8 27. Bf3 Qe5 28. Qh6 c3 29. Re1 Bc8 30. Kh1 Qg7 31. Qf4 Re5 32. Nf5 Bxf5 33.
gxf5 Rfe8 34. fxg6 fxg6 35. Bg4 Rxd5 36. Ra1 Rd2 37.
Rxd2 cxd2 38. Rd1 Nxe4 39. Bf3 Nf2+ 40. Kg2 Nxd1 41. Bxd1 Qe5 42. Qc4+ d5 43. Qg4 Qe4+ 44. Kf2 Qxg4 45. hxg4 Re1 46. Bf3 d1=Q 47. Bxd5+ Qxd5 48. g5 Qd2+ 49. Kf3 Re3+ 50. Kf4 Qd4# 0-1

[Event "*** Titled Tuesday Blitz"]
[Site "Chess.com"]
[Date "2020.05.19"]
[Round "1"]
[White "PIwan"]
[Black "DonBroca"]
[Result "1-0"]
[WhiteElo "2520"]
[BlackElo "2192"]
[TimeControl "180+1"]
[EndTime "12:07:02 PDT"]
[Termination "PIwan won by resignation"]

1. c4 Nf6 2. Nc3 e6 3. e4 d6 4. d4 Be7 5. Nf3 O-O 6. Be2 Nbd7 7. O-O e5 8. d5 a5 9. Be3 b6 10.
Nd2 Nc5 11. a3 a4 12. Bxc5 bxc5 13. Nxa4 Bd7 14. Nc3 Rb8 15. Rb1 Ne8 16. b4 cxb4 17. axb4 f5 18. exf5 Bxf5 19. Nde4 Nf6 20. Bd3 Qd7 21.
Ng5 e4 22. Ncxe4 h6 23. Nxf6+ Bxf6 24. Bxf5 Qxf5 25. Ne6 Rf7 26. Qe2 Ra8 27. f4 Ra3 28.
g4 Qd3 29. Qxd3 Rxd3 30. Rfd1 Rc3 31. Rdc1 Rd3 32. Kg2 Rd2+ 33. Kg3 Rd3+ 34. Kf2 Bd4+ 35. Ke2 Re3+ 36. Kd2 Re4 37. Kd3 Rfxf4 38. Nxf4 Rxf4 39. c5 Be5 40. b5 Rd4+ 41. Ke2 Rxd5 42. b6 cxb6 43.
c6 Rc5 44. c7 1-0

[Event "*** Titled Tuesday Blitz"]
[Site "Chess.com"]
[Date "2020.05.19"]
[Round "1"]
[White "wadsy27"]
[Black "WiktoriaPOL"]
[Result "1-0"]
[WhiteElo "2485"]
[BlackElo "2010"]
[TimeControl "180+1"]
[EndTime "12:07:02 PDT"]
[Termination "wadsy27 won by resignation"]

1. c4 Nf6 2. g3 g6 3. Bg2 Bg7 4. Nf3 O-O 5. O-O d6 6. Nc3 e5 7. Rb1 Nc6 8. d3 a5 9. a3 Be6 10. b4 axb4 11. axb4 Nd7 12. b5 Ne7 13. Ng5 c6 14.
Nxe6 fxe6 15. Ne4 Nf6 16. Ng5 Qd7 17. Bh3 Nf5 18. e4 Nd4 19. Be3 Rae8 20. Bxd4 exd4 21. f4 h6 22. Nf3 c5 23. Ra1 Ra8 24. Qb3 Kh7 25. b6 Qe7 26. Ra7 e5 27. f5 g5 28. Nd2 g4 29. Bg2 h5 30. Rfa1 Rxa7 31. bxa7 Ra8 32. Qb6 Bh6 33. Nb3 Be3+ 34. Kh1 Ne8 35.
Na5 Qc7 36. Qxb7 Rxa7 37. Qxc7+ Nxc7 38. h3 gxh3 39. Bxh3 Kg7 40. Bf1 Kf6 41. Be2 Bd2 42. Nb3 Rxa1+ 43. Nxa1 Bc3 44. Nc2 Kg5 45. Na3 Bb4 46. Nb5 Nxb5 47. cxb5 Ba5 48. Bd1 h4 49.
gxh4+ Kxh4 50. f6 Bd8 51. f7 Be7 52. b6 Kg5 53. b7 Kf6 54. b8=Q Kxf7 55. Qc8 1-0

[Event "*** Titled Tuesday Blitz"]
[Site "Chess.com"]
[Date "2020.05.19"]
[Round "1"]
[White "AEMEffi"]
[Black "Goryachkina"]
[Result "0-1"]
[WhiteElo "2303"]
[BlackElo "2672"]
[TimeControl "180+1"]
[EndTime "12:07:03 PDT"]
[Termination "Goryachkina won by checkmate"]

1. d4 d5 2. c4 e6 3. cxd5 exd5 4.
Nc3 c6 5. Bf4 Bf5 6. e3 Bd6 7. Bxd6 Qxd6 8. Bd3 Ne7 9. Nge2 O-O 10. Ng3 Bg6 11. O-O Nd7 12. e4 dxe4 13. Bxe4 Nb6 14. Bxg6 Nxg6 15. Re1 Rad8 16. Nf5 Qf4 17. Qc2 Nd5 18. Nxd5 Rxd5 19. Ne7+ Nxe7 20. Rxe7 Rxd4 21.
Rxb7 Rd2 22. Qc5 Rfd8 23. Re1 h6 24. Rbe7 a6 25. Qxc6 Qxf2+ 26. Kh1 Rd1 27. Re8+ Kh7 28. Qc3 Qf1+ 29. Rxf1 Rxf1# 0-1

[Event "*** Titled Tuesday Blitz"]
[Site "Chess.com"]
[Date "2020.05.19"]
[Round "1"]
[White "thedjoker98"]
[Black "GigaQuparadze"]
[Result "0-1"]
[WhiteElo "2442"]
[BlackElo "2867"]
[TimeControl "180+1"]
[EndTime "12:07:04 PDT"]
[Termination "GigaQuparadze won by resignation"]

1. d4 Nf6 2. c4 e6 3. Nc3 Bb4 4. g3 d5 5. Nf3 O-O 6. Bg2 Ne4 7.
Qc2 f5 8. O-O Bxc3 9. bxc3 c6 10. Ne5 Nd7 11. Nxd7 Bxd7 12. cxd5 cxd5 13. Ba3 Rf7 14.
f3 Nf6 15. Qb3 b5 16. Bc5 Bc6 17. e4 dxe4 18. fxe4 Nxe4 19. Qxe6 Qd5 20. Qxd5 Bxd5 21. Bxe4 Bxe4 22. a4 bxa4 23. Rxa4 a6 24. Rfa1 Rf6 25. c4 Rc6 26. Ra5 Kf7 27. d5 Rc7 28. Kf2 Rac8 29. Be3 Rxc4 30. Rxa6 Rc2+ 31. Ke1 Bxd5 32.
Ra7+ Kg8 33. Bd4 Bf7 34. Re7 Rxh2 35. Kf1 Rh1+ 36. Bg1 Re8 37. Rc7 f4 38. Raa7 Rf8 39. Kg2 Bd5+ 40. Kf2 fxg3+ 41. Ke3 Bf7 0-1

[Event "*** Titled Tuesday Blitz"]
[Site "Chess.com"]
[Date "2020.05.19"]
[Round "1"]
[White "124chess"]
[Black "Art10ECHR"]
[Result "1-0"]
[WhiteElo "2773"]
[BlackElo "2407"]
[TimeControl "180+1"]
[EndTime "12:07:04 PDT"]
[Termination "124chess won by resignation"]

1. e4 c5 2. Be2 Nc6 3. f4 g6 4. Nf3 Bg7 5. O-O Nf6 6. d3 O-O 7.
Qe1 d6 8. Qh4 Bg4 9. h3 Bxf3 10.
Bxf3 Rb8 11. Nd2 Nd4 12. Bd1 b5 13. c3 Nc6 14. Nf3 b4 15. f5 bxc3 16. bxc3 Qa5 17. Bd2 Rb2 18. Bb3 Qb6 19. Kh1 Na5 20. Bd5 Nxd5 21.
exd5 c4 22. Bh6 cxd3 23. Ng5 f6 24. Ne6 Rf7 25. Bxg7 Rxg7 26. Qh6 Rf7 27. fxg6 hxg6 28. Qxg6+ Kh8 29. Qxf7 1-0

[Event "*** Titled Tuesday Blitz"]
[Site "Chess.com"]
[Date "2020.05.19"]
[Round "1"]
[White "S_Kalvaitis"]
[Black "DenLaz"]
[Result "0-1"]
[WhiteElo "2351"]
[BlackElo "2661"]
[TimeControl "180+1"]
[EndTime "12:07:04 PDT"]
[Termination "DenLaz won by resignation"]

1. d4 Nf6 2. Nf3 e6 3. e3 b6 4. Bd3 Bb7 5. Nbd2 d5 6. O-O c5 7. c3 Be7 8. Qe2 O-O 9. e4 dxe4 10. Nxe4 Nxe4 11. Bxe4 Bxe4 12. Qxe4 Nd7 13. Bf4 Nf6 14. Qe2 Qc8 15. Rfd1 Qb7 16. Ne5 Rfd8 17. Rd3 cxd4 18.
cxd4 Nd5 19. Bd2 Rac8 20. Rd1 Rc2 21. Qf3 Bf6 22. Bc3 Qc7 23. Ng4 Be7 24. Ne5 Bd6 25. Ng4 f5 26. Ne3 Nxe3 27. fxe3 Bxh2+ 28. Kh1 Bd6 29. d5 e5 30. Qxf5 Rf8 31. Qe6+ Kh8 32. e4 Qd8 33. Rh3 Rf6 34. Qg4 Qf8 35. Rg1 b5 36. a3 Rcf2 37. Qh5 h6 38. Qg4 R2f4 39. Qe2 Rg6 40. Qe3 Qc8 41. Kh2 Bc5 42. Qe1 Bxg1+ 43.
Qxg1 Rfg4 44. g3 Rxe4 45. Qxa7 Re2+ 46. Kh1 Qxh3+ 0-1

[Event "*** Titled Tuesday Blitz"]
[Site "Chess.com"]
[Date "2020.05.19"]
[Round "1"]
[White "spectralsoul"]
[Black "Nikithebest"]
[Result "1-0"]
[WhiteElo "2871"]
[BlackElo "2442"]
[TimeControl "180+1"]
[EndTime "12:07:05 PDT"]
[Termination "spectralsoul won on time"]

1. Nf3 d5 2. g3 Nf6 3. Bg2 c5 4. O-O Nc6 5. d4 e6 6. c4 dxc4 7. dxc5 Qxd1 8. Rxd1 Bxc5 9. Nbd2 c3 10. bxc3 O-O 11. Nb3 Be7 12. c4 Rd8 13. Bf4 Bd7 14. Ne5 Nxe5 15. Bxe5 Bc6 16. Bxc6 bxc6 17. Na5 Rac8 18.
Rab1 Nd7 19. Bf4 Nc5 20. Be3 Rxd1+ 21. Rxd1 Kf8 22. Kg2 Ke8 23. Kf3 f5 24. h4 g6 25.
Rb1 Kd7 26. Bf4 Bf6 27. Rd1+ Ke8 28. Rd6 Kf7 29. Rxc6 Rxc6 30. Nxc6 a6 31. Be3 Na4 32. Nb8 1-0

[Event "*** Titled Tuesday Blitz"]
[Site "Chess.com"]
[Date "2020.05.19"]
[Round "1"]
[White "WildBizon"]
[Black "WeAintSurePal"]
[Result "1-0"]
[WhiteElo "2611"]
[BlackElo "2315"]
[TimeControl "180+1"]
[EndTime "12:07:05 PDT"]
[Termination "WildBizon won by resignation"]

1. e4 c5 2. Nf3 e6 3. d4 cxd4 4.
Nxd4 Nc6 5. Nc3 Qc7 6. Be2 Nf6 7. O-O a6 8. Be3 b5 9. Nxc6 dxc6 10. f4 e5 11. fxe5 Qxe5 12. Bf4 Qc5+ 13. Kh1 Be7 14. Bf3 Be6 15. e5 Rd8 16. Qc1 Nd5 17. Ne4 Qb6 18. Bg5 O-O 19. Bxe7 Nxe7 20. Qg5 Nd5 21. Rae1 f6 22.
exf6 Nxf6 23. Nc5 Bc4 24. Ne6 Bxe6 25. Rxe6 Nd5 26. h3 Qc7 27. Rfe1 Qf7 28. Rxc6 Nf6 29. Rxa6 Kh8 30. Rae6 Rfe8 31. Rxe8+ Rxe8 32. Rxe8+ Qxe8 33. Kh2 h6 34. Qf4 Kh7 35. a3 Qe6 36. b3 Qe7 37. a4 bxa4 38. bxa4 Qa7 39. c3 Qa5 40. Qb4 Qe5+ 41. g3 Qe3 42. Bg2 Nh5 43. Qe4+ Qxe4 44. Bxe4+ 1-0

[Event "*** Titled Tuesday Blitz"]
[Site "Chess.com"]
[Date "2020.05.19"]
[Round "1"]
[White "doons21"]
[Black "OsorioFernando"]
[Result "1-0"]
[WhiteElo "2555"]
[BlackElo "2246"]
[TimeControl "180+1"]
[EndTime "12:07:05 PDT"]
[Termination "doons21 won on time"]

1. e4 d5 2. exd5 Nf6 3. Nc3 Nxd5 4. Bc4 Nb6 5. Bb3 Nc6 6. Nf3 Bf5 7. O-O e6 8. d4 Qd7 9. Qe2 O-O-O 10. Bg5 Be7 11. Bxe7 Qxe7 12. Rad1 Bg4 13. Qe3 Bxf3 14. gxf3 Qh4 15. Ne2 Nd5 16. Qe4 Qg5+ 17. Qg4 Qf6 18. c3 h5 19. Qe4 Rh6 20. Kh1 h4 21. Rg1 Nce7 22. Rg4 h3 23. Rdg1 Nf5 24. Nf4 Nd6 25. Qe5 Nxf4 26. Qxf4 Qxf4 27. Rxf4 Nf5 28. Bc2 g5 29.
Rxg5 Ne7 30. Rxf7 Nd5 31. Be4 1-0

[Event "*** Titled Tuesday Blitz"]
[Site "Chess.com"]
[Date "2020.05.19"]
[Round "1"]
[White "Artem_Sadovsky"]
[Black "IMinTheWings"]
[Result "1-0"]
[WhiteElo "2540"]
[BlackElo "2212"]
[TimeControl "180+1"]
[EndTime "12:07:05 PDT"]
[Termination "Artem_Sadovsky won by resignation"]

1. Nf3 c5 2. g3 Nc6 3. Bg2 g6 4. O-O Bg7 5. c3 Nf6 6. d4 cxd4 7.
cxd4 O-O 8. Nc3 d5 9. Ne5 e6 10. Bf4 Nd7 11. Nf3 f6 12. Rc1 a6 13. Na4 Qe7 14. Nc5 Nxc5 15. dxc5 e5 16. Bd2 Be6 17. b4 h6 18. a4 e4 19. Ne1 f5 20. b5 axb5 21.
axb5 Nd4 22. Bxh6 Bxh6 23. Qxd4 Bxc1 24. Nc2 Bh6 25. Qb4 Bg7 26. Nd4 Bxd4 27. Qxd4 Qf6 28. Qb4 Rfc8 29. h4 Qe7 30. Rc1 b6 31. Qd2 Rxc5 32.
Rb1 Qf6 33. Qf4 d4 34. Bxe4 Qe5 35. Bxa8 Qxf4 36. gxf4 Bc4 37. Bf3 Bxb5 38. Rb4 d3 39. exd3 Bxd3 40. Rxb6 Kg7 41. Kh2 Rc1 42. h5 gxh5 43.
Bxh5 Rf1 44. Kg2 Rc1 45. Rg6+ Kh7 46. Rd6 Be4+ 47. f3 Rc2+ 48. Kg3 Bc6 49. Bg6+ Kg7 50. Bxf5 Rc5 51. Be4 Bxe4 52. fxe4 Rc3+ 53. Kg4 1-0

[Event "*** Titled Tuesday Blitz"]
[Site "Chess.com"]
[Date "2020.05.19"]
[Round "1"]
[White "kot60"]
[Black "SGchess01"]
[Result "0-1"]
[WhiteElo "2394"]
[BlackElo "2740"]
[TimeControl "180+1"]
[EndTime "12:07:06 PDT"]
[Termination "SGchess01 won by resignation"]

1. e4 c5 2. Nc3 Nc6 3. Bc4 g6 4. d3 Bg7 5. f4 e6 6. f5 Nge7 7.
fxe6 fxe6 8. Nf3 d5 9. Bb3 O-O 10. O-O h6 11. Kh1 Kh7 12. Bd2 a6 13. a4 Nd4 14. Nxd4 Rxf1+ 15. Qxf1 cxd4 16. Nd1 dxe4 17. dxe4 Nc6 18. Nf2 Qe7 19. Nd3 Bd7 20. Qe2 e5 21.
Rf1 Rf8 22. h3 Rxf1+ 23. Qxf1 h5 24. Qf7 Qxf7 25. Bxf7 Bf8 26. Bd5 Bd6 27. Kg1 Kg7 28. Kf2 b6 29. b3 Ne7 30. Bb7 a5 31. Kf3 Kf6 32. g4 hxg4+ 33. hxg4 g5 34. Nf2 Ng6 35. Nh3 Nf4 36. Nf2 Be6 37. Ba6 Ke7 38. Bb5 Ba3 39. Ba6 Kd6 40. Bb5 Bb2 41. Ba6 Bc3 42. Bxc3 dxc3 43.
Ke3 Kc5 44. Nd3+ Nxd3 45. Kxd3 Kb4 46. Bb5 Bxg4 47. Ba6 Be6 48. Bb5 g4 49. Ke3 Ka3 50. Bd3 Kb2 51. Kf2 Bxb3 52. cxb3 c2 53. Bxc2 Kxc2 0-1

[Event "*** Titled Tuesday Blitz"]
[Site "Chess.com"]
[Date "2020.05.19"]
[Round "1"]
[White "Salem-AR"]
[Black "bsnsun"]
[Result "1/2-1/2"]
[WhiteElo "3041"]
[BlackElo "2479"]
[TimeControl "180+1"]
[EndTime "12:07:07 PDT"]
[Termination "Game drawn by agreement"]

1. d4 Nf6 2. c4 e6 3. Nf3 d5 4.
g3 dxc4 5. Bg2 a6 6. O-O Nc6 7. e3 Rb8 8. Qe2 b5 9. b3 cxb3 10. axb3 Be7 11. Bd2 Bb7 12. Rc1 O-O 13. Ne1 Nb4 14. Bxb7 Rxb7 15. Bxb4 Bxb4 16. Nd3 a5 17. Nd2 Qd5 18. Nxb4 axb4 19. Rc5 Qd7 20. Nf3 Nd5 21. Ne5 Qd6 22. Qf3 Rb6 23. Ra7 h6 24. h4 Ra6 25.
Rb7 Rb6 26. Rxb6 cxb6 27. Rc6 Qe7 28. h5 Ra8 29. Kg2 Rd8 30. Kh2 Ra8 31. e4 Nc3 32. Rxb6 Rf8 33. Rc6 Qd8 34. Qd3 Qg5 35. Kg2 Qxh5 36. Rc5 Rd8 1/2-1/2

[Event "*** Titled Tuesday Blitz"]
[Site "Chess.com"]
[Date "2020.05.19"]
[Round "1"]
[White "PavelShkapenko"]
[Black "CroissantNeuf"]
[Result "1/2-1/2"]
[WhiteElo "2679"]
[BlackElo "2371"]
[TimeControl "180+1"]
[EndTime "12:07:07 PDT"]
[Termination "Game drawn by repetition"]

1. e4 c6 2. d4 d5 3. e5 Bf5 4. h4 a6 5. h5 c5 6. dxc5 Nc6 7. c3 Nxe5 8. Bf4 Nc6 9. Nf3 f6 10. Nh4 Bc8 11. Be3 e5 12. Bd3 Be6 13. Qc2 d4 14. Bd2 Bxc5 15. Bxh7 Nge7 16. Ng6 Bf5 17. Nxe7 Bxc2 18.
Nxc6 bxc6 19. Bxc2 d3 20. Bb3 Rb8 21. Na3 Bxa3 22.
bxa3 Qd6 23. Kf1 Qxa3 24. Re1 Qb2 25. Rd1 c5 26. Rh3 Rxb3 27. axb3 Qc2 28. Ke1 Kf7 29. g4 e4 30. Re3 Re8 31. b4 c4 32. Ra1 Qb3 33.
Kf1 Qc2 34. Ke1 Qb3 35. Kf1 Qc2 36. Ke1 1/2-1/2

[Event "*** Titled Tuesday Blitz"]
[Site "Chess.com"]
[Date "2020.05.19"]
[Round "1"]
[White "Bad4life"]
[Black "hedgehog280"]
[Result "0-1"]
[WhiteElo "2291"]
[BlackElo "2587"]
[TimeControl "180+1"]
[EndTime "12:07:07 PDT"]
[Termination "hedgehog280 won by resignation"]

1. e4 c6 2. Nc3 d5 3. Nf3 dxe4 4. Nxe4 Nf6 5. Qe2 Nxe4 6. Qxe4 Nd7 7. Bc4 Nf6 8. Ne5 e6 9. Qe2 Be7 10. O-O O-O 11.
b3 c5 12. Bb2 a6 13. a4 Qc7 14.
Rad1 b6 15. d4 Bb7 16. h3 Rad8 17. dxc5 Bxc5 18. Bxa6 Ba8 19. Kh1 Nd5 20. Qg4 f5 21. Qh4 Bd6 22. Nc4 Be7 23. Qg3 Qxg3 24. fxg3 f4 25.
Be5 Ne3 26. Nxe3 fxe3 27. Rxf8+ Rxf8 28. Bf4 Bc5 29. Bc4 Bd5 30. Bxd5 exd5 31. Rxd5 Re8 32. Rd1 e2 33. Re1 Bb4 34. Rxe2 Rxe2 35. c4 Bc5 36. h4 Rb2 37. Bc7 Rxb3 38. a5 bxa5 39. Bxa5 Ra3 40. Bc7 Ra4 41. Bf4 Rxc4 42. Kh2 Kf7 43. Kh3 Ke6 44.
Kg4 Bd6 45. Kg5 Bxf4+ 46. gxf4 h6+ 47. Kg6 Rxf4 48. h5 Rg4+ 0-1

[Event "*** Titled Tuesday Blitz"]
[Site "Chess.com"]
[Date "2020.05.19"]
[Round "1"]
[White "Enriquack"]
[Black "Firegrizzly"]
[Result "1-0"]
[WhiteElo "2309"]
[BlackElo "2572"]
[TimeControl "180+1"]
[EndTime "12:07:08 PDT"]
[Termination "Enriquack won by resignation"]

1. e4 c5 2. Nf3 d6 3. d4 cxd4 4. Nxd4 Nf6 5. Nc3 Nc6 6. Bc4 e6 7. Be3 a6 8. Qe2 Qc7 9. Bb3 Na5 10. g4 h6 11. Rg1 b5 12. O-O-O b4 13. Na4 Nxe4 14.
f4 Nxb3+ 15. axb3 Nc5 16. Nxc5 dxc5 17. Nf3 Be7 18. Kb1 Bb7 19. Ne5 Bd5 20. Rge1 Bf6 21. Bg1 Bxe5 22. Qxe5 Qxe5 23. Rxe5 O-O 24. Bxc5 Rfb8 25.
g5 h5 26. f5 a5 27. g6 Ra6 28. gxf7+ Kxf7 29. fxe6+ Bxe6 30. Rf1+ Kg8 31. Rxh5 Bf7 32. Rg5 Bg6 33. Rfg1 Kh7 34. h4 Rb7 35. h5 Be8 36. Bd4 a4 37. Rxg7+ Rxg7 38. Rxg7+ Kh6 39. bxa4 Bxa4 40.
Rb7 b3 41. cxb3 Bc6 42. Rc7 Kxh5 43. b4 Kg4 44. Re7 Kf4 45. Kc2 Be4+ 46. Kc3 Rc6+ 47. Bc5 Rg6 48. b5 Rg3+ 49. Kb4 Bd5 50. Bd6+ Kf5 51.
Bxg3 Kf6 52. Bd6 Bf3 53. Kc5 Bg2 54. b6 Bh1 55. b7 Bxb7 56. Rxb7 1-0

[Event "*** Titled Tuesday Blitz"]
[Site "Chess.com"]
[Date "2020.05.19"]
[Round "1"]
[White "viktorskliarov"]
[Black "scabies1"]
[Result "1-0"]
[WhiteElo "2590"]
[BlackElo "2295"]
[TimeControl "180+1"]
[EndTime "12:07:09 PDT"]
[Termination "viktorskliarov won by resignation"]

1. e4 c5 2. Nf3 e6 3. c3 Nf6 4.
Bd3 Nc6 5. Bc2 d5 6. e5 Nd7 7. d4 cxd4 8. cxd4 Nb4 9. Bb3 b6 10. a3 Nc6 11. O-O Ba6 12. Re1 Be7 13. Nc3 Rc8 14.
Bc2 Na5 15. Bd3 Bxd3 16. Qxd3 O-O 17. b4 Nc4 18. Bf4 a6 19. Bg3 b5 20. h4 Qc7 21.
Nxd5 exd5 22. e6 Bd6 23. exd7 Qxd7 24. Ng5 g6 25. Bxd6 Qxd6 26. g3 Rfe8 27. Kg2 Qf6 28.
Nf3 h6 29. h5 g5 30. Nh2 Nb2 31. Qd2 Nc4 32. Ng4 Qg7 33. Qd3 Qh7 34. Nf6+ 1-0

[Event "*** Titled Tuesday Blitz"]
[Site "Chess.com"]
[Date "2020.05.19"]
[Round "1"]
[White "Zhani-Z"]
[Black "tteshan"]
[Result "0-1"]
[WhiteElo "2518"]
[BlackElo "2228"]
[TimeControl "180+1"]
[EndTime "12:07:09 PDT"]
[Termination "tteshan won on time"]

1. e4 c5 2. Nf3 Nc6 3. Nc3 g6 4. Bb5 Nd4 5. Nxd4 cxd4 6. Ne2 Bg7 7. O-O a6 8. Bc4 e6 9. c3 dxc3 10. dxc3 Ne7 11. Bf4 O-O 12. Bd6 Re8 13. a4 Nc6 14. f4 b6 15. Qd2 Bb7 16. Ba2 Rc8 17.
b4 Ne7 18. Qd3 Kh8 19. Rac1 Ng8 20. e5 Ne7 21. Ng3 Nf5 22. Nxf5 gxf5 23. Rfd1 Rg8 24. Rd2 Bh6 25. Rf1 Qh4 26. Qe3 Rg6 27. Rff2 Rcg8 28. Kf1 Qxh2 29. Qh3 Bxg2+ 30. Rxg2 Qxh3 0-1

[Event "*** Titled Tuesday Blitz"]
[Site "Chess.com"]
[Date "2020.05.19"]
[Round "1"]
[White "Mikhail_Biryukov"]
[Black "Corpescador"]
[Result "0-1"]
[WhiteElo "2644"]
[BlackElo "2369"]
[TimeControl "180+1"]
[EndTime "12:07:11 PDT"]
[Termination "Corpescador won by resignation"]

1. e4 c5 2. Nf3 d6 3. Bb5+ Bd7 4. c4 Nf6 5. Nc3 Nc6 6. O-O e6 7. d4 cxd4 8. Nxd4 Be7 9. Bxc6 bxc6 10. b3 O-O 11. Bb2 e5 12. Nde2 Be6 13. Qd3 Qa5 14. Rfd1 Rfd8 15. Ng3 g6 16. h3 Rd7 17. Qf3 Rad8 18.
Re1 h5 19. Rad1 h4 20. Nf1 Nh5 21. Bc1 Kg7 22. Bd2 Qa6 23. Nh2 Nf6 24. Bg5 Ng8 25. Bxe7 Rxe7 26. Qe3 f6 27. Nf3 g5 28. Nxg5 fxg5 29. Qxg5+ Kf8 30. Rd3 Qc8 31. Rf3+ Rf7 32. Ree3 Rd7 33. Qxh4 Qd8 34. Rg3 Qxh4 35. Ne2 Rf6 36.
Kh2 Rg7 37. Kg1 Rxg3 38. Nxg3 Qh6 39. Rd3 Ke7 40. Ne2 Qg5 41. Rg3 Qd2 42. Nc3 Bf7 43. Kh2 Rg6 44. Rf3 Be6 45. Na4 Qd1 46. c5 d5 47. Nc3 Qf1 48. g4 Bxg4 49. hxg4 Rh6+ 0-1

[Event "*** Titled Tuesday Blitz"]
[Site "Chess.com"]
[Date "2020.05.19"]
[Round "1"]
[White "velemajstor767276"]
[Black "ZarinaShafigullina"]
[Result "1-0"]
[WhiteElo "2641"]
[BlackElo "2341"]
[TimeControl "180+1"]
[EndTime "12:07:11 PDT"]
[Termination "velemajstor767276 won by resignation"]

1. d4 Nf6 2. Bg5 Ne4 3. h4 c5 4. dxc5 Qa5+ 5. Nd2 Nxg5 6. hxg5 Qxc5 7. g6 fxg6 8. c3 e6 9. Qc2 Qf5 10. e4 Qf6 11. Ngf3 Nc6 12. Be2 Bc5 13. Rd1 O-O 14. Nc4 b5 15. e5 Qe7 16. Ncd2 b4 17. Ne4 bxc3 18. bxc3 Rf5 19. g4 Rf4 20. Rxh7 Kxh7 21. Neg5+ Kg8 22. Qxg6 Bxf2+ 23. Kxf2 Qc5+ 24. Kg2 Qe3 25. Qh7+ Kf8 26. Qh8+ Ke7 27. Qxg7+ Kd8 28. Nxe6+ Ke8 29.
Nxf4 Qxf4 30. Rh1 Kd8 31. Qf6+ Qxf6 32. exf6 d5 33. Rh8+ Kd7 34. f7 1-0

[Event "*** Titled Tuesday Blitz"]
[Site "Chess.com"]
[Date "2020.05.19"]
[Round "1"]
[White "GMHess"]
[Black "Mitronych"]
[Result "1-0"]
[WhiteElo "2803"]
[BlackElo "2416"]
[TimeControl "180+1"]
[EndTime "12:07:12 PDT"]
[Termination "GMHess won by checkmate"]

1. e4 c5 2. Nc3 a6 3. g3 b5 4. Bg2 Bb7 5. d3 e6 6. f4 b4 7. Nce2 d5 8. e5 Nh6 9. Nf3 Nc6 10. O-O Nf5 11. g4 Nh4 12. Nxh4 Qxh4 13. Ng3 O-O-O 14. a3 f6 15. axb4 cxb4 16. d4 h5 17.
gxh5 fxe5 18. dxe5 Bc5+ 19. Kh1 g6 20. Qd3 Rdg8 21.
Be3 Bxe3 22. Qxe3 Rg7 23. c4 d4 24. Qd3 gxh5 25. c5 Rhg8 26. Rf3 Qg4 27. Rxa6 h4 28. Qb5 hxg3 29. Rxc6+ Kb8 30. h3 Qf5 31. Rb6 Qe4 32. c6 Kc8 33. Rxb7 Kd8 34. Rb8+ Ke7 35. Qb7# 1-0